 Dungeon Crawl Stone Soup version 0.20.1-1-g8b1a95d (webtiles) character file.

4249 asishallab the Cleaver (level 10, -13/70 HPs)
             Began as a Formicid Fighter on Oct 31, 2017.
             Was a Priest of Cheibriados.
             Mangled by a two-headed ogre
             ... wielding a +0 giant spiked club
              (31 damage)
             ... on level 8 of the Dungeon.
             The game lasted 00:20:13 (7314 turns).

asishallab the Cleaver (Formicid Fighter)           Turns: 7314, Time: 00:20:16

Health: -13/70     AC: 14    Str: 28    XL:     10   Next: 56%
Magic:  5/10       EV:  6    Int: 15    God:    Cheibriados [***...]
Gold:   170        SH: 15    Dex: 20    Spells: 6/9 levels left

rFire    . . .     SeeInvis +   G - +5 flail (holy)
rCold    . . .     Gourm    .   c - +0 shield
rNeg     + . .     Faith    .   F - +3 chain mail {rPois}
rPois    +         Spirit   .   (helmet unavailable)
rElec    .         Reflect  +   L - +0 cloak
rCorr    .         Harm     .   g - +0 pair of gloves
MR       +....                  (no boots)
Stlth    ..........             n - +4 amulet of reflection
Regen    0.3/turn               v - ring of positive energy
MPRegen  0.2/turn               (no ring)

@: very slow
A: permanent stasis, dig shafts and tunnels, four strong arms, antennae 3
a: Dig, Shaft Self, Bend Time, Temporal Distortion, Renounce Religion


You were on level 8 of the Dungeon.
You worshipped Cheibriados.
Cheibriados was most pleased with you.
You were not hungry.

You visited 2 branches of the dungeon, and saw 11 of its levels.

You collected 400 gold pieces.
You spent 230 gold pieces at shops.

Inventory:

Hand Weapons
 a - a +0 war axe
 G - a +5 flail of holy wrath (weapon)
Missiles
 b - 7 javelins (quivered)
 i - 10 tomahawks
 j - 258 stones
Armour
 c - a +0 shield (worn)
 g - a +0 pair of gloves (worn)
 F - a +3 chain mail of poison resistance (worn)
 L - a +0 cloak (worn)
Jewellery
 n - a +4 amulet of reflection (around neck)
 v - a ring of positive energy (left hand)
Wands
 I - a wand of acid (5/15)
Scrolls
 e - 2 scrolls of remove curse
 l - 4 scrolls of enchant weapon
 q - 7 scrolls of identify
 u - 4 scrolls of amnesia
 y - a scroll of immolation
 B - a scroll of magic mapping
Potions
 k - 2 potions of agility
 m - a potion of heal wounds
 s - a potion of ambrosia {unknown}
 t - 6 potions of lignification
 x - 2 potions of mutation {unknown}
 z - a potion of magic {unknown}
 A - a potion of invisibility {unknown}
 C - 5 potions of curing
 E - 2 potions of flight {unknown}
 K - 2 potions of degeneration {unknown}
Books
 J - the Collected Works on the Traveller
   (You found it on level 4 of the Dungeon)

   Spells                             Type                      Level
   a - Shroud of Golubria             Charms/Translocation         2
   b - Teleport Other                 Translocation                3
Comestibles
 f - 4 bread rations
 h - 12 chunks of flesh
 o - 5 royal jellies
 M - 3 meat rations


   Skills:
 - Level 3.2 Fighting
 + Level 14.1 Axes
 - Level 3.2 Armour
 - Level 3.6 Shields


You had 6 spell levels left.
You knew the following spells:

 Your Spells              Type           Power        Failure   Level  Hunger
a - Teleport Other        Tloc           #.......     100%        3    ####...


Dungeon Overview and Level Annotations

Branches:
Dungeon (10/15)            Temple (1/1) D:4
   Lair: D:8-11         Orc: D:9-12

Altars:
Ashenzari
Cheibriados
Dithmenos
Elyvilon
Fedhas
Gozag
Hepliaklqana
Kikubaaqudgha
Makhleb
Nemelex Xobeh
Okawaru
Qazlal
Ru
Sif Muna
Trog
Uskayaw
Vehumet
Xom
Yredelemnul
Zin
The Shining One

Shops:
D:6 !   D:7 *

Annotations:
D:8 Grum, Joseph


Innate Abilities, Weirdness & Mutations

You cannot be hasted, slowed, berserked, paralysed or teleported.
You can dig through walls and to a lower floor.
Your four strong arms can wield two-handed weapons with a shield.
You have a pair of large antennae on your head. (SInv)


Message History

The wolf resists with some effort.
Cheibriados rebukes the leopard gecko zombie.
The leopard gecko zombie seems to slow down.
The wolf resists with some effort.
You feel slightly more hungry. You block the wolf's attack.
You block Grum's attack. You block the wolf's attack. x2
The two-headed ogre hits you with a giant spiked club!
* * * LOW HITPOINT WARNING * * *
The two-headed ogre completely misses you.
The wolf bites you.
* * * LOW HITPOINT WARNING * * *
A sky beast comes into view.
You feel much better. The wolf bites you but does no damage.
Grum hits you from afar with a spear.
* * * LOW HITPOINT WARNING * * *
The wolf bites you but does no damage. You block the wolf's attack.
You block the leopard gecko zombie's attack.
You block the wolf's attack.
The two-headed ogre hits you with a giant spiked club!!
You die...

{ #. h { #. .h #.
# ...###.#### ##..
..#.Y(....## .....
##.........##.....
#......>..........
#../....ghh....(..
#.......@O@)_.....
##.......h.Z......
##...#...........
##########..$$##
#####


You could see Joseph, a two-headed ogre, Grum, a sky beast, 3 wolves and a
leopard gecko zombie.

Vanquished Creatures
  A two-headed ogre (D:9)
  A centaur warrior (D:10)
  The ghost of bmj180 the Slicer, a novice KoBe of Trog (D:4)
  A steam dragon (D:9)
  Edmund (D:4)
  2 ice beasts
  3 orc warriors
  A black bear (D:9)
  A phantom (D:5)
  A sky beast (D:5)
  2 ogres
  2 necrophages
  A wolf (D:8)
  A centaur (D:6)
  A bullfrog (D:6)
  A scorpion (D:5)
  A wyvern skeleton (D:7)
  2 howler monkeys (D:4)
  A crimson imp (D:9)
  A centaur zombie (D:7)
  2 jellies
  2 centaur skeletons
  3 hounds
  3 orc priests
  3 orc wizards
  2 bullfrog skeletons
  Natasha (twice) (D:3)
  An iguana (D:4)
  3 worker ants
  3 hound skeletons (D:4)
  Robin (D:4)
  A worker ant zombie (D:6)
  3 gnolls (D:6)
  11 adders
  2 oozes
  6 worms
  2 dart slugs (D:2)
  3 leopard geckos
  11 orcs
  6 giant cockroaches
  11 goblins
  7 hobgoblins
  20 jackals
  6 kobolds
  4 quokkas
  2 bats
  4 frilled lizards
  2 leopard gecko skeletons (D:5)
  9 rats
161 creatures vanquished.

Vanquished Creatures (others)
  A centaur (D:5)
  A goblin (D:4)
  4 fungi (D:10)
6 creatures vanquished.

Grand Total: 167 creatures vanquished

Notes
Turn   | Place    | Note
-------+----------+-------------------------------------------
     0 | D:1      | asishallab the Formicid Fighter began the quest for the Orb.
     0 | D:1      | Reached XP level 1. HP: 18/18 MP: 1/1
   115 | D:1      | Reached XP level 2. HP: 24/24 MP: 2/2
   212 | D:1      | Reached skill level 3 in Axes
   733 | D:2      | Reached XP level 3. HP: 29/29 MP: 3/3
   787 | D:2      | Found a shimmering altar of Xom.
  1006 | D:2      | Reached XP level 4. HP: 30/35 MP: 4/4
  1010 | D:2      | Reached skill level 4 in Axes
  1701 | D:3      | Reached XP level 5. HP: 22/41 MP: 5/5
  1908 | D:3      | Reached skill level 5 in Axes
  1915 | D:3      | Noticed Natasha
  1931 | D:3      | Killed Natasha
  2067 | D:3      | You fall through a shaft for 2 floors!
  2067 | D:5      | Entered Level 5 of the Dungeon
  2078 | D:5      | Reached XP level 6. HP: 4/47 MP: 6/6
  2369 | D:5      | Reached skill level 6 in Axes
  2617 | D:5      | Noticed a phantom
  2661 | D:5      | Killed a phantom
  2661 | D:5      | Reached XP level 7. HP: 25/52 MP: 7/7
  2886 | D:5      | Reached skill level 7 in Axes
  2958 | D:5      | Reached skill level 8 in Axes
  3166 | D:5      | Reached XP level 8. HP: 53/58 MP: 8/8
  3269 | D:4      | Noticed Edmund
  3284 | D:4      | Killed Edmund
  3284 | D:4      | Reached skill level 9 in Axes
  3315 | D:4      | Found a staircase to the Ecumenical Temple.
  3325 | Temple   | Entered the Ecumenical Temple
  3366 | Temple   | Became a worshipper of Cheibriados the Contemplative
  3636 | D:4      | Noticed bmj180's ghost (novice KoBe)
  3649 | D:4      | Killed bmj180's ghost
  3745 | D:4      | Identified the Collected Works on the Traveller
  3772 | D:4      | Noticed Robin
  3784 | D:4      | Killed Robin
  3784 | D:4      | Reached skill level 10 in Axes
  4148 | D:4      | Reached * piety under Cheibriados
  4461 | D:3      | Noticed Natasha
  4467 | D:3      | Killed Natasha
  4536 | D:3      | Reached XP level 9. HP: 39/64 MP: 9/9
  5432 | D:5      | Found a glowing golden altar of the Shining One.
  5432 | D:5      | Found a faded altar of an unknown god.
  5437 | D:5      | Found a hide-covered altar of Uskayaw.
  5439 | D:5      | Found an opulent altar of Gozag.
  5440 | D:5      | Found a faded altar of an unknown god.
  5478 | D:6      | Reached ** piety under Cheibriados
  5612 | D:6      | Reached skill level 11 in Axes
  5727 | D:6      | Found Anisoa's Distillery.
  5737 | D:6      | Bought a potion of curing for 30 gold pieces
  5737 | D:6      | Bought a potion of lignification for 30 gold pieces
  5737 | D:6      | Bought a potion of heal wounds for 50 gold pieces
  5737 | D:6      | Bought a potion of berserk rage for 50 gold pieces
  5737 | D:6      | Bought a potion of lignification for 30 gold pieces
  5737 | D:6      | Bought a potion of agility for 40 gold pieces
  5756 | D:6      | Learned a level 3 spell: Teleport Other
  6155 | D:7      | Found Sanyfur's Assorted Antiques.
  6261 | D:7      | Reached skill level 12 in Axes
  6265 | D:7      | HP: 1/64 [orc priest/nerve-wracking pain (7)]
  6266 | D:7      | You fall through a shaft for 3 floors!
  6266 | D:10     | Entered Level 10 of the Dungeon
  6632 | D:10     | Noticed a centaur warrior
  6639 | D:10     | Killed a centaur warrior
  6639 | D:10     | Reached XP level 10. HP: 67/70 MP: 10/10
  6670 | D:9      | Noticed a two-headed ogre
  6679 | D:9      | Killed a two-headed ogre
  6679 | D:9      | Reached skill level 13 in Axes
  7140 | D:9      | Reached *** piety under Cheibriados
  7159 | D:9      | Reached skill level 14 in Axes
  7290 | D:8      | Found a shimmering altar of Xom.
  7299 | D:8      | Noticed a two-headed ogre
  7300 | D:8      | Noticed Joseph
  7307 | D:8      | Noticed Grum
  7313 | D:8      | HP: 2/70 [wolf[Grum] (2)]
  7314 | D:8      | Mangled by a two-headed ogre

Skill      XL: |  1  2  3  4  5  6  7  8  9 10 |
---------------+-------------------------------+-----
Axes           | 3 4 5 6 8 10 12 14 | 14.1
Fighting       | |  3.2
Armour         | |  3.2
Shields        | |  3.6

Action                   |  1- 3 |  4- 6 |  7- 9 | 10-12 || total
-------------------------+-------+-------+-------+-------++-------
Melee: War axe           |    98 |   178 |    55 |       ||   331
       Flail             |       |       |   197 |    88 ||   285
Throw: Stone             |       |     4 |       |       ||     4
       Tomahawk          |       |       |     9 |     2 ||    11
Invok: Bend Time         |       |       |     1 |     2 ||     3
 Abil: Shaft Self        |       |     1 |     1 |       ||     2
       Dig               |       |       |     1 |       ||     1
  Use: Scroll            |       |       |    11 |       ||    11
       Potion            |       |       |       |     4 ||     4
  Eat: Chunk             |       |     6 |     4 |       ||    10
       Bread ration      |       |       |     2 |       ||     2
Armor: Scale mail        |    55 |    53 |    17 |       ||   125
       Chain mail        |       |       |    86 |    44 ||   130
Dodge: Dodged            |    22 |    37 |    59 |    25 ||   143
Block: Shield            |    46 |   122 |   211 |    96 ||   475
       Reflection        |     1 |     1 |    11 |     2 ||    15
